 Dungeon Sprint DCSS version 0.21.1-1-g345015f (webtiles) character file.

441 equalderp2856 the Protected (level 6, -3/63 HPs)
             Began as a Minotaur Fighter on May 25, 2018.
             Slain by a tyrant leech (29 damage)
             ... in the Dungeon (Sprint II: "The Violet Keep of Menkaure").
             The game lasted 00:01:02 (724 turns).

equalderp2856 the Protected (Minotaur Fighter)       Turns: 724, Time: 00:01:02

Health: -3/63      AC:  8    Str: 21    XL:     6   Next: 71%
Magic:  5/5        EV: 10    Int:  5    God:
Gold:   729        SH: 11    Dex: 11    Spells: 5/5 levels left

rFire    . . .     SeeInvis .   a - +0 war axe
rCold    . . .     Gourm    .   c - +0 shield
rNeg     . . .     Faith    .   b - +0 scale mail
rPois    .         Spirit   .   (helmet restricted)
rElec    .         Reflect  .   (no cloak)
rCorr    .         Harm     .   (no gloves)
MR       .....     NoTele   +   (no boots)
Stlth    ..........             (no amulet)
HPRegen  0.20/turn              (no ring)
MPRegen  0.09/turn              (no ring)

@: no status effects
A: retaliatory headbutt, horns 2
a: no special abilities


You were in the Dungeon.
You were not hungry.

You visited 1 branch You collected 729 gold pieces.

Inventory:

Hand Weapons
 a - a +0 war axe (weapon)
Armour
 b - a +0 scale mail (worn)
 c - a +0 shield (worn)
Scrolls
 k - a scroll of blinking
Potions
 d - a potion of might
 h - a potion of haste
 i - 2 potions of magic
 j - a potion of berserk rage
Comestibles
 f - a ration


   Skills:
 + Level 9.2 Fighting
 + Level 8.9 Axes
 + Level 10.0 Armour
 + Level 2.7 Dodging
 + Level 8.5 Shields


You had 5 spell levels left.
You didn't know any spells.

Dungeon Overview and Level Annotations

Branches:
Dungeon (1/1)

Altars:


Innate Abilities, Weirdness & Mutations

You reflexively headbutt those who attack you in melee.
You have a pair of horns on your head.


Message History

The tyrant leech bites you but does no damage.
You barely miss the tyrant leech.
You headbutt the tyrant leech, but do no damage.
The tyrant leech is severely wounded.
You hit the tyrant leech but do no damage.
The tyrant leech is severely wounded.
The tyrant leech bites you.
The tyrant leech draws strength from your injuries!
You closely miss the tyrant leech.
The tyrant leech is severely wounded.
The tyrant leech barely misses you.
You hit the tyrant leech but do no damage.
You headbutt the tyrant leech.
The tyrant leech is almost dead.
The tyrant leech bites you but does no damage.
You closely miss the tyrant leech.
You headbutt the tyrant leech, but do no damage.
The tyrant leech is almost dead.
The tyrant leech bites you!!
You die...

#+# ##.#.##
#.###.#
####.#†####
##. ##'###.##
#..###.##...#
#.'.<.'##.+
#..###@##.###
##. #w# #.#
## w#. ## ..
.. ##. .## ##
##


You could see 2 tyrant leeches.

Vanquished Creatures
  2 hippogriffs (D)
  4 worker ants (D)
  3 worms (D)
9 creatures vanquished.

Vanquished Creatures (others)
  Menkaure (D)
  A crocodile (D)
2 creatures vanquished.

Grand Total: 11 creatures vanquished

Notes
Turn   | Place    | Note
-------+----------+-------------------------------------------
     0 | D        | equalderp2856 the Minotaur Fighter began the quest for the Orb.
     0 | D        | Reached XP level 1. HP: 19/19 MP: 0/0
     1 | D        | Noticed a worker ant
     1 | D        | Noticed a worker ant
     8 | D        | Killed a worker ant
     8 | D        | Reached skill level 5 in Fighting
     8 | D        | Reached skill level 5 in Armour
     8 | D        | Reached skill level 5 in Shields
     8 | D        | Reached XP level 2. HP: 22/29 MP: 1/1
    19 | D        | Reached XP level 3. HP: 14/37 MP: 2/2
    32 | D        | Killed Menkaure
    46 | D        | Killed a crocodile
   212 | D        | Reached skill level 6 in Armour
   212 | D        | Reached XP level 4. HP: 19/45 MP: 3/3
   365 | D        | Reached skill level 7 in Armour
   553 | D        | Noticed a hippogriff
   553 | D        | Noticed a hippogriff
   559 | D        | Killed a hippogriff
   559 | D        | Reached skill level 9 in Armour
   559 | D        | Reached XP level 5. HP: 40/56 MP: 4/4
   559 | D        | Reached XP level 6. HP: 45/62 MP: 5/5
   564 | D        | Killed a hippogriff
   564 | D        | Reached skill level 10 in Armour
   708 | D        | Noticed a tyrant leech
   708 | D        | Noticed a tyrant leech
   724 | D        | Slain by a tyrant leech

Skill      XL: |  1  2  3  4  5  6 |
---------------+-------------------+-----
Fighting       | 5 6 8 9 |  9.2
Axes           | 3 7 8 |  8.9
Armour         | 5 6 9 10 | 10.0
Shields        | 5 6 7 8 |  8.5
Dodging        | 2 |  2.7

Action                   |  1- 3 |  4- 6 || total
-------------------------+-------+-------++-------
Melee: War axe           |    21 |    37 ||    58
       Headbutt          |     3 |     8 ||    11
  Use: Potion            |     1 |     1 ||     2
Armor: Scale mail        |    12 |    14 ||    26
Dodge: Dodged            |     6 |     7 ||    13
Block: Shield            |    10 |    17 ||    27
